Map: Port Aleksander LE

Players

HateMe - Winner!

  • Race: Zerg Zerg
  • Spawn Location: 11:00

SortOf

  • Race: Zerg Zerg
  • Spawn Location: 5:00

Event: 2019 WCS Winter Europe

VOD

Have the link to the VOD?

Description

Time

  • Played on: Feb. 10, 2019, 10:32 a.m.
  • Length: 9:12

All games in this series

Show
View Real Time Build Order
Export as new Build Order

HateMe Zerg - Winner!

Build Orders: Hatch First 

Get SALT Encoding   

  12  0:00  Drone  
  13  0:12  Overlord  
  13  0:17  Drone  
  14  0:30  Drone x2  
  16  0:49  Hatchery  
  15  0:52  Drone  
  15  0:56  Drone  
  17  0:59  Drone  
  18  1:10  Extractor  
  17  1:15  Spawning Pool  
  17  1:18  Drone  
  17  1:21  Drone  
  18  1:27  Drone  
  19  1:38  Drone  
  20  1:49  Drone  
  21  1:59  Overlord  
  21  2:01  Queen x2  
  21  2:03  Zergling x2  
  26  2:11  Drone  
  26  2:12  Drone  
  28  2:21  Drone  
  29  2:23  Drone  
  30  2:36  Hatchery  
  29  2:38  Drone  
  29  2:43  Drone  
  31  2:44  Drone  
  31  2:46  Drone  
  33  2:58  Evolution Chamber, Drone x2  
  34  3:04  Drone  
  35  3:09  Drone  
  36  3:14  Overlord  
  36  3:15  Roach Warren  
  36  3:17  Drone  
  36  3:23  Zerg Missile Weapons Level 1  
  36  3:24  Overlord  
  36  3:33  Drone x5  
  41  3:38  Lair  
  41  3:41  Overlord  
  41  3:42  Drone x2  
  41  3:43  Drone  
  41  3:47  Extractor  
  43  3:49  Extractor, Drone x2  
  43  3:51  Drone  
  44  3:58  Overlord  
  44  3:59  Roach x2  
  44  4:02  Roach  
  50  4:04  Roach  
  56  4:10  Roach x2  
  56  4:13  Overlord  
  56  4:14  Roach  
  58  4:21  Roach x2  
  62  4:25  Roach  
  62  4:26  Roach  
  62  4:28  Roach  
  62  4:30  Roach  
  70  4:33  Roach  
  72  4:39  Roach x2  
  72  4:43  Roach  
  70  4:53  Roach x3  
  70  4:56  Roach  
  72  5:02  Roach  
  76  5:12  Roach x2  
  80  5:20  Roach x3  
  82  5:27  Overlord x2  
  82  5:35  Glial Reconstitution  
  80  5:46  Overlord  
  80  5:48  Zerg Missile Weapons Level 2  
  80  5:55  Hatchery  
  80  5:56  Overseer  
  79  5:58  Roach x2  
  79  6:00  Overlord  
  79  6:01  Overlord  
  83  6:07  Roach  
  83  6:08  Roach  
  87  6:12  Roach  
  87  6:15  Roach  
  87  6:17  Roach  
  93  6:20  Roach  
  93  6:23  Roach  
  97  6:27  Roach  
  97  6:29  Roach  
  101  6:33  Roach  
  103  6:42  Roach x3  
  103  6:45  Roach  
  111  6:47  Roach  
  113  6:54  Roach  
  113  6:58  Overlord  
  113  7:00  Overseer  
  115  7:06  Overlord  
  115  7:17  Roach x5  
  119  7:33  Roach x5  
  129  7:42  Roach  
  129  7:50  Overlord  
  129  7:51  Overlord  
  129  7:56  Nydus Network  
  128  8:00  Overlord  
  128  8:01  Overlord  
  128  8:02  Overseer  
  128  8:16  Hatchery  
  127  8:21  Roach x2  
  127  8:24  Roach  
  127  8:25  Roach  
  135  8:31  Roach  
  137  8:36  Roach  
  137  8:37  Roach  
  137  8:39  Roach  
  143  8:42  Roach  
  143  8:46  Roach  
  143  8:52  Roach  
Show
View Real Time Build Order
Export as new Build Order

SortOf Zerg 

Build Orders: Hatch First, Roach Nydus 

Get SALT Encoding   

  12  0:00  Drone  
  13  0:13  Overlord  
  13  0:18  Drone  
  14  0:31  Drone  
  14  0:32  Drone  
  16  0:51  Hatchery  
  16  0:53  Drone  
  16  0:57  Drone  
  17  1:00  Drone  
  18  1:11  Extractor  
  18  1:16  Spawning Pool  
  16  1:19  Drone  
  16  1:22  Drone  
  18  1:28  Drone  
  19  1:39  Drone  
  20  1:51  Drone  
  21  2:00  Overlord  
  21  2:05  Queen x2  
  21  2:07  Drone  
  26  2:13  Drone  
  27  2:18  Drone  
  28  2:25  Zergling x2  
  28  2:26  Drone  
  30  2:34  Overlord  
  30  2:36  Drone  
  31  2:41  Queen  
  31  2:43  Lair, Extractor  
  32  2:46  Drone x2  
  34  2:55  Evolution Chamber  
  33  2:58  Drone x2  
  35  3:09  Roach Warren, Drone  
  35  3:10  Drone  
  36  3:14  Drone x2  
  38  3:20  Queen  
  40  3:28  Zerg Missile Weapons Level 1  
  39  3:37  Overlord  
  39  3:44  Nydus Network  
  38  3:49  Roach x3  
  44  3:58  Overlord  
  44  4:02  Roach x3  
  50  4:08  Overlord  
  50  4:11  Roach  
  50  4:15  Overlord  
  52  4:20  Nydus Canal  
  52  4:27  Roach x3  
  58  4:34  Nydus Canal  
  58  4:40  Roach  
  58  4:43  Roach  
  60  4:48  Queen, Drone x2  
  60  4:56  Drone  
  55  5:03  Drone  
  55  5:05  Nydus Canal  
  54  5:10  Glial Reconstitution  
  54  5:13  Drone x2  
  56  5:14  Drone  
  56  5:15  Queen  
  56  5:18  Extractor  
  56  5:19  Overlord  
  58  5:24  Drone  
  59  5:28  Overlord  
  59  5:34  Overseer  
  57  5:36  Overlord  
  57  5:41  Hatchery  
  58  5:43  Roach  
  58  5:49  Zerg Missile Weapons Level 2  
  58  5:53  Roach  
  58  5:55  Roach  
  62  6:02  Drone x2  
  62  6:03  Drone  
  67  6:04  Drone x2  
  67  6:10  Roach  
  69  6:14  Roach  
  71  6:18  Queen  
  71  6:19  Overlord  
  71  6:23  Roach  
  71  6:25  Roach  
  77  6:32  Overlord  
  77  6:35  Overlord  
  77  6:37  Drone x3  
  77  6:39  Drone  
  81  6:44  Roach x2  
  85  6:54  Roach x2  
  89  6:58  Roach x3  
  89  7:00  Ravager x2  
  97  7:02  Roach  
  99  7:09  Roach x3  
  99  7:14  Nydus Canal  
  105  7:16  Roach x2  
  105  7:24  Roach  
  105  7:32  Roach x2  
  105  7:33  Roach  
  105  7:36  Roach x2  
  105  7:37  Roach x2  
  113  7:40  Roach  
  115  7:46  Queen  
  115  7:57  Roach x3  
  115  8:07  Overlord x2  
  115  8:09  Overseer  
  115  8:10  Overlord  
  115  8:16  Overseer  
  115  8:22  Hatchery  
  115  8:25  Roach x4  
  122  8:31  Nydus Canal  
  122  8:33  Roach x4  
  130  8:35  Ravager  
  130  8:40  Roach x2  
  135  8:52  Roach x3  
Tags
 
Add a new tag
Caveats
  • Supply blocks, unpowered buildings, or Contaminate may cause inaccurate times.
  • Supply counts are checked every 10 seconds.